 Dungeon Crawl Stone Soup version 0.17.2-1-ge4368a0 (webtiles) character file.

25612 Goblin1989 the Impaler (level 13, -3/111 HPs)
             Began as a Merfolk Gladiator on Nov 6, 2016.
             Was an Initiate of Gozag.
             Slain by a boulder beetle (38 damage)
             ... on level 4 of the Lair of Beasts.
             The game lasted 01:02:38 (18087 turns).

Goblin1989 the Impaler (Merfolk Gladiator)         Turns: 18087, Time: 01:02:38

Health: -3/111     AC: 10    Str: 16    XL:     13   Next: 20%
Magic:  13/13      EV: 20    Int: 11    God:    Gozag
Gold:   1440       SH:  0    Dex: 15    Spells: 2 memorised, 7 levels left

rFire  . . .     SeeInvis +     a - +8 scythe of Giphygh {speed, rC++}
rCold  + + +     Clarity  .     n - +1 scale mail {rC+}
rNeg   . . .     SustAt   .     (shield currently unavailable)
rPois  .         Gourm    .     c - +0 helmet
rElec  .         Spirit   .     q - +0 cloak
rCorr  .         Warding  .     F - +0 pair of gloves
rMut   +         Stasis   .     (no boots)
MR     .....                    j - amulet of resist mutation
Stlth  ..........               s - ring of see invisible
                                O - +2 ring of evasion

@: not resistant to hostile enchantments, extremely unstealthy
A: change form in water, swift swim
a: Potion Petition, Call Merchant, Bribe Branch, Renounce Religion


You were on level 4 of the Lair of Beasts.
You worshipped Gozag.
Gozag was noncommittal.
You were very hungry.

You visited 3 branches of the dungeon, and saw 17 of its levels.
You also visited: Bailey.

You collected 4393 gold pieces.
You spent 528 gold pieces at shops.
You paid 2425 gold pieces to Gozag.

Inventory:

Hand Weapons
 a - the +8 scythe of Giphygh (weapon) {speed, rC++}
   (You bought it in a shop on level 10 of the Dungeon)

   Attacks with this weapon are significantly faster.
   It greatly protects you from cold.
 b - the +7 hand crossbow "Jyovopp" {freeze, Int+2}
   (You bought it in a shop on level 10 of the Dungeon)

   It causes projectiles fired from it to freeze those they strike, causing
   extra injury to most foes and up to half again as much damage against
   particularly susceptible opponents.
   They can also slow down cold-blooded creatures.
   It affects your intelligence (+2).
 m - a +2 trident of venom
Missiles
 o - 33 tomahawks of returning (quivered)
 K - 5 needles of paralysis
 Z - 3 throwing nets {=f, !d}
Armour
 c - a +0 helmet (worn)
 n - a +1 scale mail of cold resistance (worn)
 q - a +0 cloak (worn)
 y - a +2 robe of magic resistance
 F - a +0 pair of gloves (worn)
Jewellery
 j - an amulet of resist mutation (around neck)
 s - a ring of see invisible (right hand)
 u - an uncursed ring of ice
 O - a +2 ring of evasion (left hand)
Wands
 w - a wand of teleportation (4) {!v, @v4}
 E - a wand of enslavement (21)
 N - a wand of digging (8)
Scrolls
 i - 3 scrolls of amnesia
 l - 3 scrolls of recharging
 p - a scroll of brand weapon {unknown}
 r - a scroll of fear {unknown}
 t - 6 scrolls of remove curse {@r2}
 x - 4 scrolls of enchant armour {unknown}
 z - 2 scrolls of immolation {unknown}
 A - a scroll of silence {unknown}
 B - 3 scrolls of blinking
 D - a scroll of acquirement {unknown}
 G - 2 scrolls of fog {unknown}
 H - 2 scrolls of random uselessness {unknown}
 M - 3 scrolls of magic mapping
 T - 2 scrolls of teleportation {!r, @r4}
Potions
 f - 2 potions of curing {@q1}
 h - 2 potions of ambrosia {!q}
 v - 3 potions of brilliance
 C - a potion of flight
 L - 2 potions of resistance
 P - a potion of cure mutation
 R - a potion of cancellation {unknown}
Miscellaneous
 Q - a phial of floods
Comestibles
 d - 4 meat rations {@e2}
 e - 6 bread rations {@e1}
 k - a royal jelly
 J - a beef jerky


   Skills:
 + Level 13.3 Fighting
 * Level 17.9 Polearms
 - Level 2.0 Throwing
 + Level 15.8 Dodging


You had 7 spell levels left.
You knew the following spells:

 Your Spells              Type           Power        Failure   Level  Hunger
a - Spider Form           Trmt/Pois      #.........   100%        3    ####...
Z - Sublimation of Blood  Necr           #.........   99%         2    ###....


Dungeon Overview and Level Annotations

Branches:
Dungeon (11/15)            Temple (0/1) D:5            Lair (4/8) D:9
    Orc (2/4) D:10
  Swamp: Lair:3-6    Shoals: Lair:3-6     Snake: Lair:3-6    Spider: Lair:3-6

Altars:
Fedhas
Gozag
Kikubaaqudgha
Trog
Yredelemnul

Shops:
D:10 (   Lair:1 %

Annotations:
D:8 Prince Ribbit
Lair:1 Goblin1989's ghost, journeyman DDMo
Orc:2 Snorg


Message History

The boulder beetle barely misses you.
You slash the boulder beetle!
The boulder beetle is severely wounded.
Your scale mail prevents you from hitting the boulder beetle.
The boulder beetle is severely wounded.
The boulder beetle barely misses you.
You hit the boulder beetle.
The boulder beetle is severely wounded.
You hit the boulder beetle but do no damage.
The boulder beetle is severely wounded.
You hit the boulder beetle but do no damage.
The boulder beetle is severely wounded.
The boulder beetle barely misses you.
You hit the boulder beetle but do no damage.
The boulder beetle is severely wounded.
You slash the boulder beetle!
The boulder beetle is almost dead.
The boulder beetle bites you!!!
You die...
Your body crumbles into a pile of gold.

██)......██
.... █........█
....
██.......██
█... █.$......█
P...
██$......██
....
█.$.......█
██$$.....██
█........█
█@......██
█.B......█
█........█
............ $
..............
...........>...
......[........
..............


You could see a boulder beetle.

Vanquished Creatures
  Rupert (Lair:4)
  Maud (D:10)
  An unseen horror (D:10)
  9 elephants
  2 black mambas
  A spiny frog (Lair:3)
  A gargoyle (D:10)
  A kobold demonologist (D:9)
  9 komodo dragons
  A queen bee (D:11)
  A troll (D:10)
  6 yaks
  2 wyverns (D:8)
  A basilisk (Lair:1)
  4 hippogriffs
  A hungry ghost (D:11)
  6 wolves (Lair:1)
  Menkaure (D:6)
  10 water moccasins
  7 porcupines
  Duvessa (D:7)
  2 sky beasts
  A black bear (D:8)
  10 orc warriors
  4 ice beasts
  7 ogres
  3 phantoms
  2 wasps (D:10)
  5 centaurs
  A necrophage (D:9)
  8 crocodiles
  9 giant frogs
  A big kobold (D:7)
  Dowan (D:7)
  A water moccasin zombie (D:8)
  5 scorpions
  29 killer bees
  3 electric eels
  6 hounds
  9 wights
  2 giant frog zombies
  A giant frog skeleton (D:5)
  16 orc priests
  Crazy Yiuf (D:5)
  2 centaur skeletons
  3 crimson imps
  3 jellies
  25 orc wizards
  A quasit (D:9)
  6 iguanas
  6 worker ants
  13 sheep
  A worker ant zombie (D:5)
  A gnoll (D:1)
  16 adders
  40 river rats
  A shadow imp (D:5)
  2 oozes
  2 adder zombies
  3 worms
  2 giant geckos
  91 orcs
  6 bats
  7 giant cockroaches
  6 hobgoblins
  5 jackals
  4 quokkas
  4 giant newts
  16 goblins
  A jackal skeleton (D:7)
  27 kobolds
  A quokka skeleton (D:5)
  A quokka zombie (D:8)
  2 rats (D:1)
492 creatures vanquished.

Vanquished Creatures (others)
  An orc (Orc:2)
1 creature vanquished.

Grand Total: 493 creatures vanquished

Notes
Turn   | Place    | Note
--------------------------------------------------------------
     0 | D:1      | Goblin1989 the Merfolk Gladiator began the quest for the Orb.
     0 | D:1      | Reached XP level 1. HP: 16/16 MP: 1/1
   125 | D:1      | Reached skill level 5 in Polearms
   149 | D:1      | Reached XP level 2. HP: 22/22 MP: 2/2
   537 | D:1      | Reached skill level 6 in Polearms
   537 | D:1      | Reached XP level 3. HP: 19/27 MP: 3/3
  1028 | D:3      | Reached XP level 4. HP: 18/33 MP: 4/4
  1110 | D:3      | Reached skill level 7 in Polearms
  1703 | D:3      | Reached skill level 8 in Polearms
  1703 | D:3      | Reached XP level 5. HP: 38/38 MP: 5/5
  1729 | D:3      | Learned a level 2 spell: Sublimation of Blood
  2048 | D:4      | Found a bloodstained altar of Trog.
  2072 | D:4      | Found an opulent altar of Gozag.
  2083 | D:4      | Became a worshipper of Gozag Ym Sagoz the Greedy
  2114 | D:4      | Reached skill level 9 in Polearms
  2229 | D:4      | Reached XP level 6. HP: 31/44 MP: 6/6
  2669 | D:4      | Reached skill level 10 in Polearms
  3094 | D:4      | Reached XP level 7. HP: 46/50 MP: 7/7
  3269 | D:4      | Reached skill level 11 in Polearms
  3455 | D:5      | Entered Level 5 of the Dungeon
  3519 | D:5      | Reached skill level 5 in Dodging
  3619 | D:5      | Found an ancient bone altar of Kikubaaqudgha.
  3650 | D:5      | Found a blossoming altar of Fedhas.
  3681 | D:5      | Reached XP level 8. HP: 7/58 MP: 8/8
  3843 | D:5      | Reached skill level 12 in Polearms
  4037 | D:5      | Found a staircase to the Ecumenical Temple.
  4135 | D:5      | Noticed Crazy Yiuf
  4142 | D:5      | Killed Crazy Yiuf
  4626 | D:6      | Identified the Handbook of Toxins and Confrontation
  4631 | D:6      | Learned a level 3 spell: Spider Form
  4723 | D:6      | Noticed Menkaure
  4735 | D:6      | Reached skill level 13 in Polearms
  4753 | D:6      | Killed Menkaure
  4911 | D:6      | Reached skill level 5 in Fighting
  4952 | D:6      | Reached XP level 9. HP: 52/68 MP: 9/9
  5559 | D:7      | Reached skill level 14 in Polearms
  6104 | D:7      | Found a basalt altar of Yredelemnul.
  6221 | D:7      | Noticed Duvessa
  6221 | D:7      | Noticed Dowan
  6232 | D:7      | Killed Duvessa
  6257 | D:7      | Killed Dowan
  6776 | D:8      | Noticed Prince Ribbit
  6862 | D:8      | Reached XP level 10. HP: 29/80 MP: 10/10
  7388 | D:8      | Noticed a yaktaur captain
  7410 | D:8      | Reached skill level 10 in Dodging
  8113 | D:9      | Found a staircase to the Lair.
  9214 | D:10     | Entered Level 10 of the Dungeon
  9214 | D:10     | Noticed Maud
  9232 | D:10     | Killed Maud
  9232 | D:10     | Reached skill level 10 in Fighting
  9271 | D:10     | Reached XP level 11. HP: 79/91 MP: 11/11
  9324 | D:10     | Found a flagged portal.
  9345 | Bailey   | Entered a bailey
  9751 | Bailey   | Found a bloodstained altar of Trog.
  9866 | D:10     | Found a staircase to the Orcish Mines.
 10033 | D:10     | Killed an unseen horror
 12159 | Orc:1    | Entered Level 1 of the Orcish Mines
 12779 | Orc:2    | Noticed Snorg
 13109 | D:10     | Bought a brightly glowing scythe for 256 gold pieces
 13109 | D:10     | Identified the +8 scythe of Giphygh {speed, rC++} (You bought it in a shop on level 10 of the Dungeon)
 13110 | D:10     | Bought a faintly glowing hand crossbow for 272 gold pieces
 13110 | D:10     | Identified the +7 hand crossbow "Jyovopp" {freeze, Int+2} (You bought it in a shop on level 10 of the Dungeon)
 13204 | Lair:1   | Entered Level 1 of the Lair of Beasts
 13850 | Lair:1   | Reached XP level 12. HP: 68/102 MP: 12/12
 13966 | Lair:1   | Noticed Goblin1989's ghost (journeyman DDMo)
 14031 | Lair:1   | Reached skill level 15 in Polearms
 14534 | Lair:1   | HP: 3/102 [Goblin1989's ghost (8)]
 15835 | Lair:3   | Reached skill level 16 in Polearms
 16371 | Lair:3   | Reached skill level 15 in Dodging
 17255 | Lair:4   | Noticed Rupert
 17277 | Lair:4   | Killed Rupert
 17277 | Lair:4   | Reached skill level 17 in Polearms
 17290 | Lair:4   | Reached XP level 13. HP: 54/111 MP: 13/13
 17869 | Lair:4   | Noticed a death yak
 17869 | Lair:4   | Noticed a death yak
 17870 | Lair:4   | Noticed a death yak
 18087 | Lair:4   | Slain by a boulder beetle

Action                   |  1- 3 |  4- 6 |  7- 9 | 10-12 | 13-15 || total
-------------------------+-------+-------+-------+-------+-------++-------
Melee: Trident           |   117 |   273 |   587 |  1054 |       ||  2031
       Scythe            |       |       |       |   381 |   125 ||   506
Throw: Throwing net      |     3 |       |       |       |       ||     3
Invok: Potion Petition   |       |       |     2 |     3 |       ||     5
       Call Merchant     |       |       |       |     2 |       ||     2
Evoke: Wand              |       |       |     3 |     4 |       ||     7
  Use: Scroll            |       |       |     1 |    14 |       ||    15
       Potion            |       |       |     1 |     7 |       ||     8
 Stab: Distracted        |       |     1 |     3 |    14 |     3 ||    21
       Invisible         |       |       |     1 |       |       ||     1
  Eat: Chunk             |       |     4 |       |       |       ||     4
       Fruit             |       |     3 |     1 |     1 |       ||     5
       Meat ration       |       |       |     2 |     3 |       ||     5
       Beef jerky        |       |       |     1 |       |       ||     1
       Royal jelly       |       |       |     1 |    10 |     1 ||    12
       Pizza             |       |       |       |     2 |       ||     2

Vault maps used:
D:1:      matt_arrival_spirals
D:2:      lemuel_coloured_pillars_altar, first_bread, minmay_misc_feat_roman,
          uniq_sigmund, uniq_robin
D:4:      kennysheep_little_box, grunt_gozag_breadcrumbs
D:5:      nicolae_overflow_crystal_walls, kiku_gazebo_pond_becter,
          temple_fountains, uniq_crazy_yiuf_cottage
D:6:      nicolae_overflow_hidden_temple, uniq_menkaure
D:7:      kennysheep_mini_moat, uniq_duvessa
D:8:      led_sif_book, blue_anna_alchemist, kennysheep_island_fort,
          uniq_prince_ribbit1
D:9:      lair_0_dummy, feat_on_display
D:10:     orc_0_dummy, enter_bailey_3, uniq_maud
Lair:4:   uniq_rupert
Orc:2:    uniq_nergalle, uniq_harold, uniq_snorg
Bailey:   bailey_axe_3, bailey
